 Dungeon Crawl Stone Soup version 0.30-a0-757-ga6a79fd877 (webtiles) character file.

Game seed: 13609082172843956165

82 RapScallion the Shooter (level 4, 0/28 HPs)
             Began as a Tengu Hunter on Feb 9, 2023.
             Killed by nerve-wracking pain
             ... invoked by an orc priest
              (9 damage)
             ... on level 3 of the Dungeon.
             The game lasted 00:04:44 (1331 turns).

RapScallion the Shooter (Tengu Hunter)              Turns: 1331, Time: 00:04:44

Health: 0/28       AC:  3    Str: 11    XL:     4   Next: 43%
Magic:  5/5        EV: 12    Int:  9    God:
Gold:   120        SH:  0    Dex: 20    Spells: 3/3 levels left

rFire   . . .      SeeInvis .    a - +0 shortbow
rCold   . . .      Faith    .    (shield currently unavailable)
rNeg    . . .      Spirit   .    c - +0 leather armour
rPois   .          Reflect  .    (helmet restricted)
rElec   .          Harm     .    (no cloak)
rCorr   .          Rampage  .    (no gloves)
Will    .....                    (boots unavailable)
Stlth   ++                       (no amulet)
HPRegen 0.24/turn                (no ring)
MPRegen 0.09/turn                (no ring)

@: no status effects
A: beak, talons 3
a: no special abilities


You were on level 3 of the Dungeon.
You visited 1 branch of the dungeon, and saw 3 of its levels.

You collected 120 gold pieces.

Inventory:

Hand Weapons
 a - a +0 shortbow (weapon)
Armour
 c - a +0 leather armour (worn)
Scrolls
 b - a scroll of immolation
 g - a scroll of torment {unknown}
 h - a scroll of enchant armour {unknown}
 k - a scroll of noise {unknown}
Potions
 d - 2 potions of magic {unknown}
 e - 2 potions of heal wounds {unknown}
 f - a potion of flight {unknown}
 i - a potion of brilliance {unknown}
 j - a potion of mutation {unknown}


   Skills:
 + Level 3.4 Fighting
 + Level 5.3 Ranged Weapons
 - Level 2.3 Dodging
 - Level 1.1 Stealth


You had 3 spell levels left.
You didn't know any spells.
Your spell library was empty.

Dungeon Overview and Level Annotations

Branches:
Dungeon (3/15)

Altars:


Innate Abilities, Weirdness & Mutations

You have a beak for a mouth.
You have claws for feet.


Message History

You kill the orc!
You shoot an arrow. The arrow hits the orc!
You kill the orc!
An orc priest comes into view. It is wielding a +0 trident.
You shoot an arrow. The arrow barely misses the orc priest.
The arrow hits the orc priest!
The orc priest is severely wounded.
The orc priest mumbles some strange prayers to Beogh against you.
Beogh smites you!
You are too injured to fight recklessly!
You are too injured to fight recklessly!
You are too injured to fight recklessly!
You are too injured to fight recklessly!
Okay, then.
Okay, then.
Fire: a) +0 shortbow
Press: ? - help, Shift-Dir - straight line, f/p - orc priest
Aim: an orc priest, wielding a +0 dagger (heavily wounded, 65% to hit)
You shoot an arrow. The arrow hits the orc priest.
The orc priest is almost dead.
The orc priest hits you with a +0 dagger.
The orc priest looks encouraged for a moment.
Fire: a) +0 shortbow
Press: ? - help, Shift-Dir - straight line, f/p - orc priest
Aim: an orc priest, wielding a +0 dagger (almost dead, 65% to hit)
You shoot an arrow.
The arrow hits the orc priest but does no damage.
The orc priest is almost dead.
The orc priest calls upon Beogh to heal the orc priest.
The orc priest is healed somewhat.
Fire: a) +0 shortbow
Press: ? - help, Shift-Dir - straight line, f/p - orc priest
Aim: an orc priest, wielding a +0 dagger (almost dead, 65% to hit)
You shoot an arrow. The arrow barely misses the orc priest.
The arrow hits the orc priest.
The orc priest is heavily wounded.
The orc priest hits you with a +0 dagger.
The orc priest invokes the aid of Beogh against you.
Pain shoots through your body!
You die...

...# ##.##
#..###..########
#.............#
###.......###..
#.......# ### #....†..#
o... #....[..# .....
..#.......#######.)....
#.....>......@o.o......
#################......
..... ####


You could see 2 orc priests.

Vanquished Creatures
  4 adders
  A worm (D:2)
  3 orcs (D:3)
  2 endoplasms (D:3)
  2 giant cockroaches (D:2)
  A goblin (D:2)
  2 hobgoblins
  4 jackals (D:2)
  3 quokkas
  3 ball pythons (D:2)
  2 bats
  2 frilled lizards
  6 kobolds
  7 rats
42 creatures vanquished.

Notes
Turn   | Place    | Note
-------+----------+-------------------------------------------
     0 | D:1      | RapScallion the Tengu Hunter began the quest for the Orb.
     0 | D:1      | Reached XP level 1. HP: 12/12 MP: 2/2
   177 | D:1      | Reached XP level 2. HP: 17/17 MP: 3/3
   259 | D:1      | You fall into a shaft and drop 1 floor!
   383 | D:2      | Reached XP level 3. HP: 22/22 MP: 4/4
   804 | D:2      | Reached skill level 5 in Ranged Weapons
   955 | D:2      | Found a faded altar of an unknown god.
  1048 | D:2      | Reached XP level 4. HP: 28/28 MP: 5/5
  1331 | D:3      | Killed from afar by an orc priest

Illustrated notes

Levels and vault maps discovered:
D:1:      dpeg_arrival_windows_large_door, layout_loops_ring,
          hangedman_decor_points, serial_park_tiny_1, fountainhead
D:2:      layout_basic, basic_ecumenical_altar
D:3:      minmay_chambers_of_threes, layout_rooms, st_stairs_3, uniq_ijyb

Skill      XL: |  1  2  3 |
---------------+----------+-----
Ranged Weapons | 5 |  5.3
Fighting       | 3 |  3.4
Dodging        | |  2.3
Stealth        | |  1.1

Action                     |  1- 3 |  4- 6 || total
---------------------------+-------+-------++-------
   Fire: Shortbow          |    89 |    35 ||   124
 Armour: Leather armour    |    14 |     2 ||    16
  Dodge: Dodged            |    30 |     5 ||    35

Table legend: (Time is in decaauts)
 A = Elapsed time spent in this place.
 B = Non-inter-level travel time spent in this place.
 C = Inter-level travel time spent in this place.
 D = Time resting spent in this place.
 E = Time spent auto-exploring this place.
 F = Levels seen in this place.
 G = Mean time per level.
                   A        B        C        D        E       F      G
               +--------+--------+--------+--------+--------+-----+--------+
         Total |   1369 |   1343 |     26 |     98 |    736 |   3 |  456.3 |
       Dungeon |   1369 |   1343 |     26 |     98 |    736 |   3 |  456.3 |
               +--------+--------+--------+--------+--------+-----+--------+

Top non-repeatable levels by time:
     D:2: 686 daAuts
     D:1: 514 daAuts
     D:3: 168 daAuts
